 Dungeon Crawl Stone Soup version 0.30-a0-772-g5528072125 (webtiles) character file.

Game seed: 6496884516860793551

51 tilp the Shield-Bearer (level 4, -13/38 HPs)
             Began as a Meteoran Fighter on Feb 12, 2023.
             Mangled by an ogre
             ... wielding a +0 giant spiked club
              (18 damage)
             ... on level 4 of the Dungeon.
             The game lasted 00:01:57 (397 turns).

tilp the Shield-Bearer (Meteoran Fighter)            Turns: 397, Time: 00:01:58

Health: -13/38     AC:  7    Str: 17    XL:     4   Next: 27%
Magic:  5/5        EV: 10    Int:  9    God:
Gold:   37         SH:  6    Dex: 16    Spells: 3/3 levels left

rFire   . . .      SeeInvis .    a - +0 long sword
rCold   . . .      Faith    .    c - +1 buckler
rNeg    . . .      Spirit   .    i - +0 scale mail
rPois   .          Reflect  .    (no helmet)
rElec   .          Harm     .    (no cloak)
rCorr   .          Rampage  .    (no gloves)
Will    .....                    (no boots) Stlth
                                 (no amulet)
HPRegen 0.26/turn                (no ring)
MPRegen 0.09/turn                (no ring)

@: glowing
A: sense surroundings 1, otherworldly, glowing, explore regen
a: no special abilities


You were on level 4 of the Dungeon.
You visited 1 branch of the dungeon, and saw 4 of its levels.

You collected 37 gold pieces.

Inventory:

Hand Weapons
 a - a +0 long sword (weapon)
 b - a +2 short sword of draining
Missiles
 f - 14 stones (quivered)
Armour
 c - a +1 buckler (worn)
 i - a +0 scale mail (worn)
Scrolls
 e - a scroll of teleportation {unknown}
 h - a scroll of enchant armour
 k - a scroll of butterflies {unknown}
Potions
 d - a potion of might
 g - a potion of berserk rage {unknown}
 j - a potion of haste {unknown}


   Skills:
 + Level 3.4 Fighting
 * Level 3.1 Long Blades
 + Level 0.4 Throwing
 + Level 3.8 Armour
 * Level 1.9 Dodging
 * Level 0.9 Stealth
 + Level 3.8 Shields


You had 3 spell levels left.
You didn't know any spells.
Your spell library was empty.

Dungeon Overview and Level Annotations

Branches:
Dungeon (4/15) Zot: 1970
 Temple: D:4-7

Altars:


Innate Abilities, Weirdness & Mutations

You passively map a small area around you.
You are easily found by Zot.
You glow in the dark.
You regain HP and MP as you explore.


Message History

You hit the goblin.
You kill the goblin!
You hit the kobold.
You kill the kobold!
You hit the orc.
The orc is moderately wounded.
The orc hits you with a +0 short sword.
You hit the orc.
The orc is almost dead.
You block the orc's attack. The orc hits you but does no damage.
You hit the orc.
You kill the orc!
Items here: ))) ††.
Okay, then.
Things that are here:
a +0 short sword; a kobold corpse
There is a stone staircase leading down, spattered with blood here.
Things that are here:
a +0 dagger; a kobold corpse; a frilled lizard corpse
There is a stone staircase leading down, spattered with blood here.
You climb downwards.
There is a stone staircase leading up here.
Unknown command.
Found a scroll labelled RUOX YZXICUITO.
A goblin comes into view. It is wielding a +0 club.
The goblin shouts!
An ogre comes into view. It is wielding a +0 giant spiked club.
An iguana comes into view.
The iguana hisses angrily.
The goblin hits you but does no damage.
You see here 6 stones.
You barely miss the goblin. The goblin misses you.
The ogre attacks as you move away!
The ogre hits you with a +0 giant spiked club!!
Ouch! That really hurt!
* * * LOW HITPOINT WARNING * * *
The goblin attacks as you move away! The goblin hits you but does no damage.
The ogre attacks as you move away!
The ogre hits you with a +0 giant spiked club!!
You die...

, ,
..................
,
..................
,..................
*
..................
* ,
.......<..........
..................,
,,
..................
,
..................
.......@..........
<.....Og..........,
..>..[............
, ...............
,, .......l....?..
, , ...............
* *
,...............* ,
...#........###
.............


You could see an ogre, an iguana and a goblin.

Vanquished Creatures
  An adder (D:3)
  A worm (D:2)
  2 dart slugs
  An orc (D:3)
  An endoplasm (D:3)
  2 giant cockroaches (D:1)
  3 goblins
  2 hobgoblins
  7 jackals (D:3)
  2 ball pythons
  2 bats
  2 frilled lizards
  5 kobolds
  2 rats (D:1)
33 creatures vanquished.

Notes
Turn   | Place    | Note
-------+----------+-------------------------------------------
     0 | D:1      | tilp the Meteoran Fighter began the quest for the Orb.
     0 | D:1      | Reached XP level 1. HP: 19/19 MP: 2/2
    96 | D:2      | Reached XP level 2. HP: 19/26 MP: 3/3
   117 | D:1      | Reached skill level 1 in Dodging
   175 | D:2      | Reached XP level 3. HP: 31/31 MP: 4/4
   294 | D:2      | Reached XP level 4. HP: 33/38 MP: 5/5
   392 | D:4      | Noticed an ogre
   397 | D:4      | Mangled by an ogre

Illustrated notes

Levels and vault maps discovered:
D:1:      matt_arrival_refuge, layout_basic
D:2:      layout_loops_cross, nicolae_ecumenical_lake_church, basic_altar,
          uniq_natasha, uniq_sigmund, uniq_crazy_yiuf_cottage
D:3:      layout_basic, uniq_terence
D:4:      layout_layer_cave, kennysheep_mini_moat,
          mainiacjoe_overflow_cross_hatched, lemuel_tele_altar

Skill      XL: |  1  2  3 |
---------------+----------+-----
Dodging        | 1 |  1.9
Long Blades    | 3 |  3.1
Fighting       | |  3.4
Throwing       | |  0.4
Armour         | |  3.8
Stealth        | |  0.9
Shields        | |  3.8

Action                     |  1- 3 |  4- 6 || total
---------------------------+-------+-------++-------
  Melee: Long sword        |    77 |    25 ||   102
  Throw: Stone             |     1 |       ||     1
    Use: Scroll            |     2 |       ||     2
 Armour: Scale mail        |    44 |    21 ||    65
  Dodge: Dodged            |    29 |    12 ||    41
  Block: Buckler           |    25 |    17 ||    42

Table legend: (Time is in decaauts)
 A = Elapsed time spent in this place.
 B = Non-inter-level travel time spent in this place.
 C = Inter-level travel time spent in this place.
 D = Time resting spent in this place.
 E = Time spent auto-exploring this place.
 F = Levels seen in this place.
 G = Mean time per level.
                   A        B        C        D        E       F      G
               +--------+--------+--------+--------+--------+-----+--------+
         Total |    429 |    429 |      0 |      0 |      0 |   4 |  107.2 |
       Dungeon |    429 |    429 |      0 |      0 |      0 |   4 |  107.2 |
               +--------+--------+--------+--------+--------+-----+--------+

Top non-repeatable levels by time:
     D:3: 181 daAuts
     D:2: 133 daAuts
     D:1: 94 daAuts
     D:4: 21 daAuts
